 Dungeon Crawl Stone Soup version 0.24-a0-581-gc0fa6600bf (webtiles) character file.

Game seed: 16375422006186465463

656713 DasRunzen the Minotaur Barricade (level 27, -6/234 HPs)
             Began as a Minotaur Fighter on Aug 22, 2019.
             Was the Champion of Okawaru.
             Killed by drain life
             ... invoked by a deathcap
             ... summoned by a curse toe
              (17 damage)
             ... on level 5 of the Realm of Zot on Aug 23, 2019.
             The game lasted 03:06:07 (55939 turns).

DasRunzen the Minotaur Barricade (MiFi)            Turns: 55939, Time: 03:06:08

Health: -6/234     AC: 36    Str: 25    XL:     27
Magic:  36/36      EV: 28    Int: 12    God:    Okawaru [******]
Gold:   5063       SH: 33    Dex: 26    Spells: 26/26 levels left

rFire    + . .     SeeInvis +   K - +14 obsidian axe {chop, +Fly SInv *Curse} (curse)
rCold    . . .     Gourm    .   C - +5 shield {reflect}
rNeg     . . .     Faith    .   b - +1 crystal plate armour of the Little Devil {Dex+6}
rPois    +         Spirit   .   B - +2 hat
rElec    .         Reflect  +   l - scarf {repulsion}
rCorr    .         Harm     .   V - +2 pair of gloves {Str+3}
MR       ++...     Clarity  +   g - +2 pair of boots
Stlth    ..........             w - brooch of Shielding {Reflect SH+8}
HPRegen  0.49/turn              N - ring "Niecsa Tosit" {rPois EV+2 Str-2 Int+7}
MPRegen  0.25/turn              a - +5 ring of evasion

@: mesmerised, studying Fire Magic, repel missiles
A: retaliatory headbutt, horns 2, iridescent scales 1, thin skeletal structure
1, clarity, clumsy 2, deformed body, fire resistance 1, frail 1, shaggy fur 1,
strong 1, wild magic 1
}: 3/15 runes: serpentine, barnacled, silver
a: Heroism, Finesse, Renounce Religion, Evoke Flight


You were on level 5 of the Realm of Zot.
You worshipped Okawaru.
Okawaru was exalted by your worship.
You were not hungry.

You visited 10 branches of the dungeon, and saw 50 of its levels.
You visited the Abyss 2 times.
You also visited: Bailey and Volcano.

You collected 7546 gold pieces.
You spent 2483 gold pieces at shops.

Inventory:

Hand Weapons
 c - the +6 war axe of Paper {flame, rN+}
   (You took it off a deep elf mage on level 3 of the Elven Halls)

   It has been specially enchanted to burn those struck by it, causing extra
   injury to most foes and up to half again as much damage against particularly
   susceptible opponents.
   Big, fiery blades are also staple armaments of hydra-hunters.
   It protects you from negative energy.
 y - the +9 heavy crossbow "Sniper" {velocity, Acc+∞ SInv}
   (You found it on level 4 of the Depths)

   Any bolt fired from it inflicts extra damage.
   It lets you see invisible.
 K - the cursed +14 obsidian axe (weapon) {chop, +Fly SInv *Curse}
   (Okawaru gifted it to you on level 4 of the Realm of Zot)

   It inflicts extra damage upon your enemies.
   It lets you see invisible.
   It lets you fly.
   It curses itself when equipped.
   It has a curse placed upon it.
 R - the +8 mithril axe "Arga" {speed, MR+}
   (You bought it in a shop on level 2 of the Elven Halls)

   Attacks with this weapon are significantly faster.
   It affects your resistance to hostile enchantments.
Armour
 b - the +1 crystal plate armour of the Little Devil (worn) {Dex+6}
   (Okawaru gifted it to you on level 2 of the Vaults)

   It affects your dexterity (+6).
 g - a +2 pair of boots (worn)
 l - a scarf of repulsion (worn)
 B - a +2 hat (worn)
 C - a +5 shield of reflection (worn)
 V - a +2 pair of gloves of strength (worn)
Jewellery
 a - a +5 ring of evasion (right hand)
 h - an uncursed ring of protection from magic
 n - an uncursed ring of protection from fire
 w - the brooch of Shielding (around neck) {Reflect SH+8}
   (You found it on level 2 of the Depths)

   [amulet of reflection]

   It shields you and reflects attacks.
   It affects your SH (+8).
 I - an uncursed ring of flight
 N - the ring "Niecsa Tosit" (left hand) {rPois EV+2 Str-2 Int+7}
   (You took it off a deep elf mage on level 3 of the Elven Halls)

   [ring of evasion]

   It affects your evasion (+2).
   It affects your strength (-2).
   It affects your intelligence (+7).
   It protects you from poison.
 S - the ring of the Genius {*Slow rElec MR+ Dex+5}
   (You found it on level 2 of the Shoals)

   [ring of protection from magic]

   It affects your dexterity (+5).
   It insulates you from electricity.
   It affects your resistance to hostile enchantments.
   It may slow you when you take damage.
 Z - an uncursed ring of resist corrosion
Wands
 s - a wand of polymorph (30)
 u - a wand of iceblast (42)
 v - a wand of disintegration (93)
 x - a wand of paralysis (38)
 A - a wand of digging (10)
 H - a wand of flame (41)
Scrolls
 k - 3 scrolls of fear
 m - 28 scrolls of teleportation
 t - 3 scrolls of brand weapon
 E - 8 scrolls of fog
 F - 18 scrolls of remove curse
 G - 11 scrolls of blinking
 L - 14 scrolls of magic mapping
 M - 3 scrolls of summoning
 P - 4 scrolls of holy word
 T - 2 scrolls of enchant armour
 W - 17 scrolls of identify
 X - 2 scrolls of silence
 Y - 7 scrolls of enchant weapon
Potions
 d - 7 potions of might
 e - 4 potions of magic
 i - 20 potions of curing
 j - 13 potions of heal wounds
 o - 4 potions of berserk rage
 p - 12 potions of flight
 q - 5 potions of haste
 r - 5 potions of cancellation
 z - 9 potions of agility
 D - 6 potions of resistance
 J - 4 potions of ambrosia
 U - 3 potions of invisibility
Books
 Q - a manual of Fire Magic
Comestibles
 f - 90 rations


   Skills:
 + Level 23.9 Fighting
 + Level 23.9 Axes
 + Level 24.0 Armour
 + Level 19.3 Dodging
 - Level 12.5 Stealth
 O Level 27 Shields
 + Level 20.1 Invocations


You had 26 spell levels left.
You didn't know any spells.
Your spell library contained the following spells:

 Spells                   Type           Power        Failure   Level  Hunger
 Animate Skeleton         Necr           N/A          98%         1    ##.....
 Apportation              Tloc           #.....       98%         1    ##.....
 Beastly Appendage        Tmut           #.....       98%         1    ##.....
 Confusing Touch          Hex            #.....       98%         1    ##.....
 Corona                   Hex            #......      98%         1    ##.....
 Flame Tongue             Conj/Fire      #....        98%         1    ##.....
 Freeze                   Ice            #...         98%         1    ##.....
 Infusion                 Chrm           #...         98%         1    ##.....
 Magic Dart               Conj           #...         98%         1    ##.....
 Pain                     Necr           #...         98%         1    ##.....
 Sandblast                Erth           #.....       98%         1    ##.....
 Shock                    Conj/Air       #...         98%         1    ##.....
 Sting                    Conj/Pois      #...         98%         1    ##.....
 Summon Butterflies       Summ           #.......     98%         1    ##.....
 Summon Small Mammal      Summ           #...         98%         1    ##.....
 Blink                    Tloc           N/A          99%         2    ###....
 Call Imp                 Summ           #.......     99%         2    ###....
 Passwall                 Tmut/Erth      #.......     99%         2    ###....
 Poisonous Vapours        Pois/Air       #.....       99%         2    ###....
 Searing Ray              Conj           #.....       99%         2    ###....
 Shroud of Golubria       Chrm/Tloc      #.....       99%         2    ###....
 Slow                     Hex            #.......     99%         2    ###....
 Song of Slaying          Chrm           #.......     99%         2    ###....
 Sticks to Snakes         Tmut           #.......     99%         2    ###....
 Swiftness                Chrm/Air       #.......     99%         2    ###....
 Throw Frost              Conj/Ice       #.....       99%         2    ###....
 Call Canine Familiar     Summ           #.......     100%        3    ####...
 Conjure Flame            Conj/Fire      #.......     100%        3    ####...
 Dazzling Spray           Conj/Hex       #.....       100%        3    ####...
 Gell's Gravitas          Tloc           #.........   100%        3    ####...
 Ignite Poison            Fire/Tmut/Pois #.......     100%        3    ####...
 Inner Flame              Hex/Fire       #.......     100%        3    ####...
 Lesser Beckoning         Tloc           #.........   100%        3    ####...
 Mephitic Cloud           Conj/Pois/Air  #.......     100%        3    ####...
 Ozocubu's Armour         Chrm/Ice       #.......     100%        3    ####...
 Portal Projectile        Hex/Tloc       #.....       100%        3    ####...
 Regeneration             Chrm/Necr      #.........   100%        3    ####...
 Spectral Weapon          Hex/Chrm       #.......     100%        3    ####...
 Spider Form              Tmut/Pois      #.........   100%        3    ####...
 Static Discharge         Conj/Air       #.......     100%        3    ####...
 Stone Arrow              Conj/Erth      #.....       100%        3    ####...
 Summon Guardian Golem    Hex/Summ       #.......     100%        3    ####...
 Teleport Other           Tloc           #.......     100%        3    ####...
 Tukima's Dance           Hex            #.......     100%        3    ####...
 Vampiric Draining        Necr           #.........   100%        3    ####...
 Animate Dead             Necr           N/A          100%        4    #####..
 Cause Fear               Hex            #.........   100%        4    #####..
 Force Lance              Conj/Tloc      #.......     100%        4    #####..
 Fulminant Prism          Conj/Hex       #.........   100%        4    #####..
 Ice Form                 Ice/Tmut       #.......     100%        4    #####..
 Iskenderun's Mystic Bla  Conj           #.......     100%        4    #####..
 Leda's Liquefaction      Hex/Erth       #.........   100%        4    #####..
 Olgreb's Toxic Radiance  Pois           #.......     100%        4    #####..
 Passage of Golubria      Tloc           N/A          100%        4    #####..
 Petrify                  Tmut/Erth      #.......     100%        4    #####..
 Sticky Flame             Conj/Fire      #.......     100%        4    #####..
 Summon Ice Beast         Ice/Summ       #.......     100%        4    #####..
 Summon Lightning Spire   Summ/Air       #.......     100%        4    #####..
 Throw Icicle             Conj/Ice       #.......     100%        4    #####..
 Alistair's Intoxication  Tmut/Pois      #.......     100%        5    ######.
 Blade Hands              Tmut           #.........   100%        5    ######.
 Fireball                 Conj/Fire      #.........   100%        5    ######.
 Iskenderun's Battlesphe  Conj/Chrm      #.......     100%        5    ######.
 Lee's Rapid Deconstruct  Erth           #.........   100%        5    ######.
 Lightning Bolt           Conj/Air       #.........   100%        5    ######.
 Venom Bolt               Conj/Pois      #.........   100%        5    ######.
 Bolt of Fire             Conj/Fire      #.........   100%        6    #######
 Darkness                 Hex            #.........   100%        6    #######
 Freezing Cloud           Conj/Ice/Air   #.........   100%        6    #######
 Invisibility             Hex            #.......     100%        6    #######
 Ring of Flames           Chrm/Fire      #.........   100%        7    #######
 Ignition                 Fire           #.........   100%        8    #######
 Shatter                  Erth           #.........   100%        9    #######
 Tornado                  Air            #.........   100%        9    #######


Dungeon Overview and Level Annotations

Branches:
Dungeon (15/15)            Temple (1/1) D:7            Lair (6/6) D:9
 Shoals (4/4) Lair:4        Snake (4/4) Lair:2        Slime (0/5) Lair:6
    Orc (2/2) D:11            Elf (3/3) Orc:2        Vaults (5/5) D:13
  Crypt (0/3) Vaults:3     Depths (5/5) D:15            Zot (5/5) Depths:5
 Bailey (visited)         Volcano (visited)

Altars:
Ashenzari
Cheibriados
Dithmenos
Elyvilon
Fedhas
Gozag
Hepliaklqana
Kikubaaqudgha
Makhleb
Nemelex Xobeh
Okawaru
Qazlal
Ru
Sif Muna
Trog
Uskayaw
Vehumet
Wu Jian
Xom
Yredelemnul
Zin
The Shining One
Beogh

Shops:
D:4 *   D:5 =   D:6 %   D:7 [   D:13 ((=   Orc:1 *(:   Orc:2 }%:[:   Elf:1 *
Elf:2 (   Elf:3 }*!   Shoals:3 }   Shoals:4 =   Vaults:1 }   Vaults:3 (
Vaults:5 *   Depths:1 }==   Depths:4 *

Portals:
Hell: Depths:1 Depths:2 Depths:3 Depths:4 Depths:5
Abyss: Depths:4
Pandemonium: Depths:1 Depths:3
Ziggurat: Depths:5

Annotations:
D:9 1 runed translucent door, hemabe's ghost, journeyman HuAr
Lair:3 exclusion: 2 oklob plants


Innate Abilities, Weirdness & Mutations

You reflexively headbutt those who attack you in melee.
You have a pair of horns on your head.
You are partially covered in iridescent scales. (AC +2)
You have a somewhat thin skeletal structure. (Dex +2, Stealth)
You possess an exceptional clarity of mind.
You are very clumsy. (Dex -4)
Armour fits poorly on your strangely shaped body.
Your flesh is heat resistant. (rF+)
You are frail. (-10% HP)
You are covered in fur. (AC +1)
Your muscles are strong. (Str +2)
Your spells are a little harder to cast, but a little more powerful.


Message History

Your neqoxec is engulfed in a cloud of spores!
The ancient lich touches you but does no damage.
The curse toe calls on the powers of darkness!
Your body is wracked with pain!
* * * LOW HITPOINT WARNING * * *
You hit the ancient lich.
The ancient lich is moderately damaged.
An Orb Guardian comes into view.
Your neqoxec hits the ancient lich.
Your soul eater hits the ancient lich!
Your neqoxec hits the wandering mushroom.
The ancient lich gestures at you while chanting.
You struggle to resist.
The wandering mushroom releases spores at your neqoxec but does no damage.
You slash the ancient lich!
The ancient lich is severely damaged.
The curse toe calls on the powers of darkness!
The Orb Guardian convulses!
Your body is wracked with pain!
* * * LOW HITPOINT WARNING * * *
The deathcap draws from the surrounding life force!
You die...

#▓▓▓▓▓▓▓▓▓▓▓#
.....f..@...###
.....33L##....##
....f.3ff###...##########
..$..z.... ##............
..X..f....# ##...........
.......^..# #...........
.^........# ##..........
.......^..# #..........
##..........


You could see an ancient lich, a curse toe, an Orb Guardian, a deathcap, 3
wandering mushrooms, a friendly soul eater and 2 friendly neqoxecs.

Vanquished Creatures
  4 ancient liches
  Sojobo (Depths:5)
  3 curse toes
  3 Killer Klowns
  Margery (Depths:5)
  Xtahua (Vaults:5)
  A caustic shrike (Depths:2)
  7 golden dragons
  Jory (Vaults:3)
  2 electric golems
  A bone dragon (Vaults:3)
  An iron giant (Zot:2)
  2 liches
  13 tentacled monstrosities
  2 deep elf blademasters (Elf:3)
  Asterion (Snake:4)
  7 Orb Guardians (Zot:5)
  8 titans
  An acid blob (Depths:3)
  4 krakens
  10 quicksilver dragons
  Agnes (Elf:2)
  6 tengu reavers
  A thorn hunter (Depths:3)
  11 shadow dragons
  5 death cobs
  7 sphinxes
  15 storm dragons
  18 nagarajas
  4 draconian monks
  Donald (Shoals:3)
  13 frost giants
  The ghost of RedPan the Spry, an adept SpEn of Dithmenos (Shoals:2)
  9 fire giants
  13 deep elf sorcerers
  8 draconian scorchers
  19 vault wardens
  A cacodemon (Depths:1)
  The ghost of Thantalas the Earth Mage, a journeyman GrEE of Vehumet (D:13)
  9 draconian knights
  A ghost moth (Zot:4)
  5 deep elf elementalists
  The ghost of larifari the Brawler, a journeyman TrMo of Ru (Lair:5)
  3 iron dragons
  Aizul (Shoals:1)
  2 draconian stormcallers
  7 draconian annihilators
  A caustic shrike skeleton (Depths:2)
  4 spriggan defenders
  A balrug (Depths:1)
  23 stone giants
  3 draconian shifters
  36 very ugly things
  12 ironheart preservers
  2 entropy weavers
  3 war gargoyles
  The ghost of Mame the Severer, a journeyman HOFi of Okawaru (Lair:4)
  A vampire knight (Depths:5)
  12 deep elf demonologists
  10 black draconians
  8 green draconians
  12 red draconians
  4 spark wasps
  The ghost of Tiemiph the Brawler, a journeyman OgTm of Makhleb (D:14)
  12 yellow draconians
  23 purple draconians
  7 white draconians
  Snorg (Orc:2)
  10 deep elf annihilators
  A green death (Depths:3)
  8 deep elf death magi
  3 merfolk javelineers
  21 ettins
  15 deep elf high priests
  9 merfolk impalers
  11 fire dragons
  Josephine (Snake:1)
  17 yaktaur captains
  13 rakshasas
  6 great orbs of eyes
  32 naga warriors
  36 vault guards
  Harold (D:11)
  6 spriggan air magi
  3 hydras
  13 ice dragons
  6 merfolk avatars
  Erica (D:11)
  2 alligator snapping turtles (Shoals:4)
  16 centaur warriors
  5 merfolk aquamancers
  7 anacondas
  29 dancing weapons
  35 two-headed ogres
  2 death knights (Vaults:3)
  A two-headed ogre (shapeshifter) (Vaults:5)
  15 deep troll shamans
  18 ogre magi
  2 tengu warriors (Depths:5)
  2 spriggan berserkers
  Urug (Orc:1)
  13 deep troll earth magi
  An orc high priest (Elf:3)
  6 vampire magi
  3 death yaks (Depths:4)
  A wretched star (Abyss:3)
  17 naga sharpshooters
  7 shock serpents
  2 sun demons (Depths:1)
  Sonja (D:11)
  8 hell knights
  26 deep elf knights
  A shadow wraith (Vaults:3)
  A fire crab (Lair:5)
  A spatial maelstrom (Abyss:5)
  5 iron trolls (Depths:1)
  A sixfirhy (Depths:3)
  A soul eater (Depths:5)
  A fire crab (shapeshifter) (Elf:2)
  8 skeletal warriors
  A spark wasp zombie (Depths:2)
  A sea snake (shapeshifter) (Vaults:5)
  2 flayed ghosts
  5 salamander mystics
  44 deep trolls
  7 glowing orange brains
  4 unseen horrors
  7 sea snakes
  8 naga ritualists
  12 wizards
  A shadow dragon zombie (Vaults:4)
  8 harpies
  21 ironbrand convokers
  2 harpies (shapeshifter)
  19 deep elf archers
  4 phantasmal warriors
  80 deep elf magi
  2 lindwurms (Lair:6)
  22 orc knights
  A fire giant zombie (Depths:1)
  5 wolf spiders
  9 mana vipers
  7 necromancers
  3 stone giant zombies
  A frost giant zombie (Vaults:4)
  4 oklob plants
  2 orc sorcerers
  18 cyclopes
  2 salamanders (shapeshifter)
  A cyclops (shapeshifter) (Depths:2)
  A wolf spider (shapeshifter) (Vaults:1)
  48 ugly things
  3 salamanders
  A tengu skeleton (Vaults:5)
  49 slime creatures
  10 manticores
  6 fauns
  A faun (shapeshifter) (Vaults:5)
  21 moths of wrath
  An iron dragon skeleton (Vaults:5)
  4 human skeletons
  3 water nymphs
  9 merfolk sirens
  18 elephants
  4 molten gargoyles
  2 elephants (shapeshifter)
  11 guardian serpents
  29 black mambas
  20 naga magi
  8 spiny frogs
  20 vault sentinels
  3 gargoyles
  A spiny frog (shapeshifter) (Vaults:2)
  3 orange demons
  A komodo dragon (shapeshifter) (Vaults:3)
  2 rime drakes (shapeshifter)
  8 komodo dragons
  37 yaktaurs
  5 freezing wraiths
  2 kobold demonologists
  An efreet (Abyss:3)
  3 rime drakes (Shoals:4)
  A yaktaur skeleton (Depths:1)
  3 red devils
  3 tengu conjurers
  20 merfolk
  3 hellwings
  2 trolls (shapeshifter)
  An ancient zyme (Abyss:5)
  11 hornets
  A polar bear (shapeshifter) (D:15)
  2 meliai (shapeshifter)
  13 trolls
  4 wind drakes
  8 blink frogs
  3 raiju (Abyss:5)
  A shadow dragon simulacrum (Vaults:5)
  Prince Ribbit (D:6)
  16 hippogriffs
  11 snapping turtles
  A hippogriff (shapeshifter) (Depths:2)
  A frost giant simulacrum (Vaults:3)
  A flying skull (Abyss:3)
  2 spriggans (shapeshifter) (Vaults:1)
  A vampire (D:14)
  2 redbacks (shapeshifter)
  7 spriggans
  3 air elementals
  14 water elementals
  2 redbacks (Vaults:5)
  2 shadows (D:13)
  A tarantella (shapeshifter) (Depths:2)
  4 wyverns
  5 small abominations
  12 wraiths
  A human (D:7)
  28 yaks
  A yak (shapeshifter) (Depths:2)
  4 fire elementals
  2 hogs (D:7)
  2 fire bats (Volcano)
  A basilisk (shapeshifter) (Depths:1)
  3 golden eyes (Abyss:5)
  4 large abominations (Abyss:3)
  A steam dragon (shapeshifter) (Vaults:2)
  4 basilisks (Lair:6)
  6 steam dragons
  A hungry ghost (D:12)
  Eustachio (D:5)
  A golden eye (shapeshifter) (Depths:3)
  4 vampire mosquitoes
  A chaos spawn (Depths:3)
  4 neqoxecs
  A warg (shapeshifter) (Elf:3)
  6 wargs
  72 nagas
  2 soldier ants (D:14)
  A swamp worm (shapeshifter) (D:15)
  5 hell hounds (Lair:6)
  Duvessa (D:5)
  An acid dragon (D:13)
  9 porcupines
  14 water moccasins
  2 black bears
  2 ice beasts
  An eye of draining (shapeshifter) (Depths:2)
  Purgy (D:3)
  53 orc warriors
  5 sky beasts
  A spriggan simulacrum (Depths:1)
  A black bear (shapeshifter) (Depths:2)
  A phantom (D:9)
  30 ogres
  18 boggarts
  29 centaurs
  12 wolves
  A crocodile (shapeshifter) (Depths:2)
  4 big kobolds
  10 crocodiles
  3 wyvern zombies
  Blork the orc (D:5)
  13 bullfrogs
  Dowan (D:5)
  A glowing shapeshifter simulacrum (Vaults:4)
  4 earth elementals
  An elf simulacrum (Vaults:1)
  6 scorpions
  8 wights
  4 howler monkeys
  2 electric eels (Lair:5)
  10 lava snakes
  4 centaur zombies
  7 crimson imps
  3 quasits
  A starcursed mass (Abyss:3)
  A hound (D:12)
  2 bullfrog zombies
  7 jellies
  24 orc priests
  3 bullfrog skeletons
  27 orc wizards
  7 centaur skeletons
  3 iguanas
  Natasha (thrice) (D:2)
  11 worker ants
  A hound skeleton (D:7)
  15 gnolls
  24 adders
  8 shadow imps
  2 white imps
  2 ufetubi (Depths:1)
  2 adder zombies
  2 adder skeletons
  4 dart slugs
  3 leopard geckos
  111 orcs
  9 bats
  5 giant cockroaches
  8 goblins
  12 hobgoblins
  6 jackals
  26 kobolds
  3 quokkas
  11 ball pythons
  7 frilled lizards
  A jackal zombie (D:5)
  A leopard gecko zombie (D:5)
  11 rats
  5 crawling corpses
  4 fungi
  16 plants
  14 tentacles
2488 creatures vanquished.

Vanquished Creatures (collateral kills)
  An Orb Guardian (Zot:5)
  A death cob (Zot:5)
2 creatures vanquished.

Vanquished Creatures (others)
  2 deep elf master archers (Elf:3)
  A fire giant (Depths:4)
  A draconian knight (Depths:5)
  A very ugly thing (Depths:5)
  A purple draconian (Zot:3)
  3 yaktaur captains
  A naga warrior (Snake:4)
  2 merfolk aquamancers (Shoals:4)
  2 dancing weapons (Elf:1)
  2 naga sharpshooters
  A deep elf knight (Vaults:5)
  A deep elf archer (Elf:2)
  2 deep elf magi
  A manticore (Shoals:4)
  14 yaktaurs
  A merfolk (Shoals:1)
  A hornet (Vaults:4)
  A water elemental (Abyss:3)
  5 orc warriors
  An ogre (Vaults:3)
  5 centaurs
  16 orcs
  2 kobolds
  2 fungi
  5 plants (Shoals:2)
  4 starspawn tentacles (Abyss:3)
  18 tentacles
96 creatures vanquished.

Grand Total: 2586 creatures vanquished

Notes
Turn   | Place    | Note
-------+----------+-------------------------------------------
     0 | D:1      | DasRunzen the Minotaur Fighter began the quest for the Orb.
     0 | D:1      | Reached XP level 1. HP: 19/19 MP: 0/0
    97 | D:1      | Reached XP level 2. HP: 24/27 MP: 1/1
   356 | D:1      | Reached skill level 4 in Shields
   453 | D:1      | Reached XP level 3. HP: 33/33 MP: 2/2
   786 | D:2      | Reached XP level 4. HP: 37/41 MP: 3/3
   887 | D:2      | Noticed Natasha
   893 | D:2      | Killed Natasha
   996 | D:2      | Noticed Natasha
  1011 | D:2      | Killed Natasha
  1011 | D:2      | Reached XP level 5. HP: 31/47 MP: 4/4
  1213 | D:2      | Noticed Natasha
  1220 | D:2      | Killed Natasha
  1267 | D:2      | Reached skill level 5 in Fighting
  1267 | D:2      | Reached skill level 5 in Armour
  1267 | D:2      | Reached skill level 5 in Shields
  1485 | D:3      | Noticed Purgy
  1497 | D:3      | Killed Purgy
  1497 | D:3      | Reached XP level 6. HP: 39/56 MP: 5/5
  2043 | D:3      | Found a shadowy altar of Dithmenos.
  2239 | D:3      | Gained mutation: Your muscles are strong. (Str +2) [potion
                  | of mutation]
  2239 | D:3      | Gained mutation: You evolve. [potion of mutation]
  2239 | D:3      | Gained mutation: Your spells are a little harder to cast,
                  | but a little more powerful. [potion of mutation]
  2239 | D:3      | Gained mutation: You are partially covered in iridescent
                  | scales. (AC +2) [potion of mutation]
  2282 | D:4      | Reached skill level 5 in Axes
  2350 | D:4      | Reached XP level 7. HP: 62/62 MP: 6/6
  2451 | D:4      | Found Diduecsa's Mass Market.
  2676 | D:5      | Entered Level 5 of the Dungeon
  2683 | D:5      | Noticed Eustachio
  2701 | D:5      | Killed Eustachio
  2701 | D:5      | Reached skill level 6 in Shields
  2881 | D:5      | Found Usaapsudu's Jewellery Shoppe.
  2915 | D:5      | Noticed Duvessa
  2917 | D:5      | Noticed Dowan
  2923 | D:5      | Killed Duvessa
  2923 | D:5      | Reached XP level 8. HP: 67/71 MP: 7/7
  2932 | D:5      | Killed Dowan
  3029 | D:5      | Noticed Blork the orc
  3041 | D:5      | Killed Blork the orc
  3041 | D:5      | Reached skill level 7 in Shields
  3207 | D:6      | Noticed Prince Ribbit
  3214 | D:6      | Killed Prince Ribbit
  3228 | D:6      | Found a shadowy altar of Dithmenos.
  3297 | D:6      | Found a shattered altar of Ashenzari.
  3459 | D:6      | Found a stormy altar of Qazlal.
  3675 | D:6      | Reached XP level 9. HP: 39/81 MP: 8/8
  3755 | D:6      | Found Sakuqaq's Food Boutique.
  3997 | D:7      | Found a staircase to the Ecumenical Temple.
  4004 | D:7      | Reached skill level 8 in Shields
  4018 | Temple   | Entered the Ecumenical Temple
  4056 | Temple   | Became a worshipper of Warmaster Okawaru
  4545 | D:7      | Found Cusmekhluza's Antique Armour Boutique.
  4590 | D:7      | Bought a shiny shield for 255 gold pieces
  4633 | D:7      | Reached skill level 1 in Invocations
  4663 | D:7      | Found an ornate altar of the Wu Jian Council.
  4716 | D:7      | Found a white marble altar of Elyvilon.
  4814 | D:7      | Reached * piety under Okawaru
  5165 | D:7      | Reached skill level 9 in Shields
  5218 | D:7      | Identified a scroll of acquirement
  5306 | D:8      | Lost intelligence.
  5450 | D:8      | Reached ** piety under Okawaru
  5452 | D:8      | Gained mutation: You rapidly evolve. [evolution]
  5663 | D:8      | Reached XP level 10. HP: 74/91 MP: 11/11
  5754 | D:8      | Found an ornate altar of the Wu Jian Council.
  6032 | D:9      | Found a runed translucent door.
  6032 | D:9      | Noticed hemabe's ghost (journeyman HuAr)
  6080 | D:9      | Found a staircase to the Lair.
  6132 | D:9      | Found a shimmering altar of Xom.
  6135 | D:9      | Found a shimmering altar of Xom.
  6135 | D:9      | Found a shimmering altar of Xom.
  6176 | D:9      | Reached *** piety under Okawaru
  6302 | D:9      | Identified the cursed +1 flail "Pantuzxu" {drain, rC+}
  6533 | D:10     | Entered Level 10 of the Dungeon
  6550 | Lair:1   | Entered Level 1 of the Lair of Beasts
  6588 | Lair:1   | Noticed a spiny frog
  6595 | Lair:1   | Killed a spiny frog
  6595 | Lair:1   | Reached skill level 10 in Fighting
  6595 | Lair:1   | Reached skill level 10 in Armour
  6595 | Lair:1   | Reached skill level 10 in Shields
  6681 | Lair:1   | Reached **** piety under Okawaru
  6684 | Lair:1   | Reached skill level 5 in Invocations
  6756 | Lair:1   | Reached skill level 10 in Axes
  6756 | Lair:1   | Reached XP level 11. HP: 68/100 MP: 13/13
  7050 | Lair:1   | Reached ***** piety under Okawaru
  7333 | Lair:2   | Gained mutation: Your muscles are very strong. (Str +4)
                  | [evolution]
  7543 | Lair:2   | Found a staircase to the Snake Pit.
  7588 | Lair:2   | Reached skill level 11 in Shields
  7593 | Lair:2   | Received a gift from Okawaru
  7596 | Lair:2   | Got a crude war axe {god gift}
  7597 | Lair:2   | Identified the +1 war axe of Okawaru's Scorn {drain,
                  | Fragile rF+++ rC++ Str-2} (Okawaru gifted it to you on
                  | level 2 of the Lair of Beasts)
  8019 | Lair:2   | Reached ****** piety under Okawaru
  8192 | Lair:3   | Found a dark tunnel.
  8200 | Volcano  | Entered a volcano
  8376 | Volcano  | Gained mutation: You have supernaturally acute eyesight.
                  | (SInv) [evolution]
  8500 | Volcano  | Found a radiant altar of Vehumet.
  8500 | Volcano  | Noticed a two-headed ogre
  8500 | Volcano  | Noticed a two-headed ogre
  8500 | Volcano  | Noticed an ogre mage
  8500 | Volcano  | Noticed a two-headed ogre
  8503 | Volcano  | Killed a two-headed ogre
  8508 | Volcano  | Killed a two-headed ogre
  8513 | Volcano  | Killed a two-headed ogre
  8513 | Volcano  | Reached XP level 12. HP: 97/110 MP: 14/16
  8515 | Volcano  | Killed an ogre mage
  8515 | Volcano  | Received a gift from Okawaru
  8533 | Volcano  | Noticed a red draconian
  8537 | Volcano  | Killed a red draconian
  8641 | Volcano  | Noticed a two-headed ogre
  8644 | Volcano  | Killed a two-headed ogre
  9477 | Lair:3   | Reached skill level 1 in Stealth
  9547 | Lair:3   | Gained mutation: You possess an exceptional clarity of
                  | mind. [evolution]
  9769 | Lair:4   | Reached skill level 12 in Shields
 10027 | Lair:4   | Found a runed translucent door.
 10038 | Lair:4   | Noticed Mame's ghost (journeyman HOFi)
 10049 | Lair:4   | Killed Mame's ghost
 10263 | Lair:4   | Found a staircase to the Shoals.
 10803 | Lair:5   | Found a runed translucent gate.
 10803 | Lair:5   | Found a runed translucent gate.
 10803 | Lair:5   | Found a runed translucent gate.
 10803 | Lair:5   | Noticed larifari's ghost (journeyman TrMo)
 10820 | Lair:5   | Killed larifari's ghost
 10820 | Lair:5   | Received a gift from Okawaru
 11052 | Lair:5   | Reached XP level 13. HP: 69/119 MP: 18/18
 11245 | Lair:5   | Gained mutation: You can translocate small distances at
                  | will. [evolution]
 11330 | Lair:5   | Got a crude rapier
 11533 | Lair:5   | You fall into a shaft and drop 1 floor!
 11533 | Lair:6   | Entered Level 6 of the Lair of Beasts
 11533 | Lair:6   | Found a staircase to the Slime Pits.
 11539 | Lair:6   | Received a gift from Okawaru
 11539 | Lair:6   | Reached skill level 5 in Stealth
 12267 | Lair:6   | Gained mutation: You have an increased reservoir of magic.
                  | (+10% MP) [evolution]
 12298 | Lair:6   | Reached skill level 13 in Shields
 12709 | Lair:6   | Found a large runed translucent door.
 12710 | Lair:6   | Found a large runed translucent door.
 12730 | Lair:6   | Noticed a fire dragon
 12741 | Lair:6   | Killed a fire dragon
 12741 | Lair:6   | Received a gift from Okawaru
 13462 | Lair:1   | Identified the +10 rapier of Light {pierce, rElec MP+9
                  | Str+5} (You found it on level 5 of the Lair of Beasts)
 14007 | D:11     | Noticed Harold
 14016 | D:11     | Killed Harold
 14028 | D:11     | Noticed Sonja
 14043 | D:11     | Killed Sonja
 14043 | D:11     | Reached XP level 14. HP: 102/129 MP: 22/22
 14058 | D:11     | Found a staircase to the Orcish Mines.
 14556 | D:11     | Noticed Erica
 14563 | D:11     | Killed Erica
 14830 | D:12     | Lost mutation: You can translocate small distances at will.
                  | [evolution]
 15000 | D:12     | Found a burning altar of Makhleb.
 15460 | D:13     | Found a gate to the Vaults.
 15481 | D:13     | Received a gift from Okawaru
 15520 | D:13     | Found Ijefuogi's Antique Weapon Shoppe.
 15536 | D:13     | Found a flagged portal.
 15542 | Bailey   | Entered a bailey
 15680 | Bailey   | Reached skill level 10 in Invocations
 16077 | D:13     | Reached skill level 14 in Shields
 16118 | D:13     | Received a gift from Okawaru
 16349 | D:13     | Found a roughly hewn altar of Beogh.
 16351 | D:13     | Found Soteoc's Jewellery Emporium.
 16447 | D:13     | Found Otusaoge's Antique Weapon Emporium.
 16606 | D:13     | Found a runed translucent gate.
 16606 | D:13     | Found a runed translucent gate.
 16606 | D:13     | Found a runed translucent gate.
 16606 | D:13     | Noticed Thantalas's ghost (journeyman GrEE)
 16633 | D:13     | Killed Thantalas's ghost
 16660 | D:13     | Gained mutation: Your flesh is heat resistant. (rF+)
                  | [evolution]
 17081 | D:14     | Found a runed translucent door.
 17082 | D:14     | Noticed Tiemiph's ghost (journeyman OgTm)
 17099 | D:14     | Killed Tiemiph's ghost
 17467 | D:14     | Reached XP level 15. HP: 138/138 MP: 24/24
 17955 | D:15     | Entered Level 15 of the Dungeon
 17961 | D:15     | Received a gift from Okawaru
 18017 | D:15     | Found a glowing golden altar of the Shining One.
 18285 | D:15     | Paralysed by a wizard for 7 turns
 18297 | D:15     | Reached skill level 15 in Shields
 18326 | D:15     | Found a staircase to the Depths.
 18601 | Shoals:1 | Entered Level 1 of the Shoals
 18601 | Shoals:1 | Noticed Aizul
 18617 | Shoals:1 | Killed Aizul
 18712 | Shoals:1 | Reached skill level 10 in Stealth
 19690 | Shoals:1 | Noticed a kraken
 19708 | Shoals:1 | Killed a kraken
 19876 | Shoals:2 | Found a runed translucent gate.
 19876 | Shoals:2 | Found a runed translucent gate.
 19876 | Shoals:2 | Found a runed translucent gate.
 19876 | Shoals:2 | Noticed RedPan's ghost (adept SpEn)
 19878 | Shoals:2 | Noticed a kraken
 19934 | Shoals:2 | Killed a kraken
 19980 | Shoals:2 | Killed RedPan's ghost
 19980 | Shoals:2 | Received a gift from Okawaru
 19983 | Shoals:2 | Got a smoking crystal plate armour {god gift}
 19995 | Shoals:2 | Identified the +1 crystal plate armour "Jootwebb" {Dex+6}
                  | (Okawaru gifted it to you on level 2 of the Shoals)
 20080 | Shoals:2 | Gained mutation: You are covered in fur. (AC +1)
                  | [evolution]
 20080 | Shoals:2 | Lost mutation: You rapidly evolve. [decline of evolution]
 20099 | Shoals:2 | Got a twitching bronze ring
 20103 | Shoals:2 | Identified the ring of the Genius {*Slow rElec MR+ Dex+5}
                  | (You found it on level 2 of the Shoals)
 20158 | Shoals:2 | Noticed a kraken
 20166 | Shoals:2 | Killed a kraken
 20200 | Shoals:2 | Reached skill level 1 in Dodging
 20832 | Shoals:2 | Reached skill level 15 in Armour
 20832 | Shoals:2 | Reached skill level 16 in Shields
 21027 | Shoals:2 | Cast into level 3 of the Abyss (merfolk impaler)
 21049 | Abyss:3  | Received a gift from Okawaru
 21073 | Abyss:3  | Found a corrupted altar of Lugonu.
 21244 | Abyss:3  | Noticed a tentacled starspawn
 21249 | Abyss:3  | Noticed a Hell Sentinel
 21267 | Abyss:3  | Reached skill level 15 in Fighting
 21279 | Abyss:3  | Reached XP level 16. HP: 113/149 MP: 26/26
 21299 | Abyss:3  | Noticed a tentacled starspawn
 21318 | Shoals:2 | Escaped the Abyss
 21461 | Shoals:2 | Reached skill level 15 in Axes
 21580 | Shoals:3 | Noticed Donald
 21591 | Shoals:3 | Killed Donald
 21625 | Shoals:3 | Found Ymaink's Gadget Shoppe.
 22330 | Shoals:4 | Entered Level 4 of the Shoals
 22348 | Shoals:4 | Found Tofiblit's Jewellery Boutique.
 23145 | Shoals:4 | Noticed a kraken
 23156 | Shoals:4 | Killed a kraken
 23194 | Shoals:4 | Reached skill level 17 in Shields
 23201 | Shoals:4 | Received a gift from Okawaru
 23209 | Shoals:4 | Got a barnacled rune of Zot
 23402 | Shoals:4 | Reached skill level 5 in Dodging
 24000 | Orc:1    | Entered Level 1 of the Orcish Mines
 24013 | Orc:1    | Received a gift from Okawaru
 24082 | Orc:1    | Found Tufolul's Antique Weapon Shop.
 24172 | Orc:1    | Found Potoi's Assorted Antiques.
 24175 | Orc:1    | Noticed Urug
 24190 | Orc:1    | Killed Urug
 24235 | Orc:1    | Found Ihi Jeevu's Book Emporium.
 24243 | Orc:1    | Bought a manual of Shields for 1214 gold pieces
 24391 | Orc:2    | Entered Level 2 of the Orcish Mines
 24397 | Orc:2    | Found a staircase to the Elven Halls.
 24427 | Orc:2    | Found Duhog's Book Shop.
 24466 | Orc:2    | Found a roughly hewn altar of Beogh.
 24484 | Orc:2    | Noticed Snorg
 24496 | Orc:2    | Killed Snorg
 24576 | Orc:2    | Found Dulafex's Food Emporium.
 24576 | Orc:2    | Found Sizoptits's Book Shop.
 24607 | Orc:2    | Found Emuchiun's Antique Armour Boutique.
 24609 | Orc:2    | Found Cosu's Gadget Shoppe.
 24927 | Orc:2    | Got a slimy broad axe
 24928 | Orc:2    | Identified the +3 broad axe "Xeiz" {pain, Str+4} (You
                  | acquired it on level 2 of the Orcish Mines)
 24952 | Elf:1    | Entered Level 1 of the Elven Halls
 24994 | Elf:1    | Reached XP level 17. HP: 126/157 MP: 27/27
 25065 | Elf:1    | Lost mutation: Your muscles are very strong. (Str +4)
                  | [evolution]
 25108 | Elf:1    | Found Pamoin's Assorted Antiques.
 25122 | Elf:1    | Bought a scroll labeled SAYNOE ROOCS for 30 gold pieces
 25131 | Elf:1    | Found a shimmering blue altar of Sif Muna.
 25144 | Elf:1    | Received a gift from Okawaru
 25589 | Elf:1    | Reached skill level 18 in Shields
 26447 | Elf:2    | Found Raosm's Weapon Emporium.
 26450 | Elf:2    | Bought the +8 mithril axe "Arga" {speed, MR+} for 839 gold
                  | pieces
 26450 | Elf:2    | Found the +8 mithril axe "Arga" {speed, MR+}
 26475 | Elf:2    | Received a gift from Okawaru
 26519 | Elf:2    | Found a huge runed translucent gate.
 26519 | Elf:2    | Found a huge runed translucent gate.
 26519 | Elf:2    | Found a huge runed translucent gate.
 26524 | Elf:2    | Found a huge runed translucent gate.
 26524 | Elf:2    | Found a huge runed translucent gate.
 27097 | Elf:2    | Noticed Agnes
 27107 | Elf:2    | Killed Agnes
 27177 | Elf:2    | Reached XP level 18. HP: 160/168 MP: 29/29
 27305 | Elf:3    | Entered Level 3 of the Elven Halls
 27431 | Elf:3    | Reached skill level 19 in Shields
 27443 | Elf:3    | Found Xeocir's Gadget Emporium.
 27511 | Elf:3    | Noticed a Tzitzimitl
 27596 | Elf:3    | Received a gift from Okawaru
 27600 | Elf:3    | Got an ancient demon blade {god gift}
 27601 | Elf:3    | Identified the +5 demon blade of Zocw {elec, rN+ MP+9}
                  | (Okawaru gifted it to you on level 3 of the Elven Halls)
 27982 | Elf:3    | Found Ylikam's General Store.
 27990 | Elf:3    | Bought a potion of heal wounds for 65 gold pieces
 28045 | Elf:3    | Found Isaluel's Distillery.
 28115 | Elf:3    | Noticed an Ice Fiend
 28132 | Elf:3    | Received a gift from Okawaru
 28536 | Elf:3    | Bought a potion of heal wounds for 80 gold pieces
 28690 | Elf:3    | Identified the +6 war axe of Paper {flame, rN+}
 28690 | Elf:3    | Identified the ring "Niecsa Tosit" {rPois EV+2 Str-2 Int+7}
 28807 | Elf:3    | Identified the cursed +1 lajatang of Muleong {holy, +Fly
                  | rF- Str-4 Dex+9}
 29170 | Elf:3    | Identified the Guide on Clay
 29180 | Elf:3    | Identified the Almanac of Virous Flight
 29213 | Elf:3    | Got a steaming arbalest
 29214 | Elf:3    | Identified the cursed +0 arbalest of Exquisite Torment
                  | {flame, rElec} (You found it on level 3 of the Elven Halls)
 29448 | Vaults:1 | Entered Level 1 of the Vaults
 29499 | Vaults:1 | Found Xeufatem's Gadget Shoppe.
 29592 | Vaults:1 | Received a gift from Okawaru
 29622 | Vaults:1 | Reached skill level 20 in Shields
 29750 | Vaults:1 | Reached XP level 19. HP: 172/177 MP: 31/31
 29861 | Vaults:1 | Received a gift from Okawaru
 29932 | Vaults:1 | Reached skill level 10 in Dodging
 30605 | Vaults:1 | You fall into a shaft and drop 1 floor!
 30824 | Vaults:2 | Received a gift from Okawaru
 30827 | Vaults:2 | Got a smoking crystal plate armour {god gift}
 30861 | Vaults:2 | Identified the +1 crystal plate armour of the Little Devil
                  | {Dex+6} (Okawaru gifted it to you on level 2 of the Vaults)
 31050 | Vaults:2 | Got a smoking scimitar
 31051 | Vaults:2 | Identified the +9 scimitar "Ase Buh" {venom, MR+} (You
                  | found it on level 2 of the Vaults)
 31110 | Vaults:2 | Reached skill level 21 in Shields
 32340 | Vaults:3 | Noticed Jory
 32374 | Vaults:3 | Killed Jory
 32728 | Vaults:3 | Reached XP level 20. HP: 178/187 MP: 32/32
 32753 | Vaults:3 | Received a gift from Okawaru
 32764 | Vaults:3 | Noticed a bone dragon
 32791 | Vaults:3 | Killed a bone dragon
 32889 | Vaults:3 | Found a staircase to the Crypt.
 32973 | Vaults:3 | Found Lughur's Weapon Boutique.
 33113 | Vaults:3 | Received a gift from Okawaru
 33858 | Vaults:3 | Received a gift from Okawaru
 33948 | Vaults:4 | Reached skill level 22 in Shields
 34126 | Vaults:4 | Gained mutation: You are clumsy. (Dex -2) [evolution]
 34189 | Vaults:4 | Reached skill level 15 in Invocations
 34192 | Vaults:4 | Received a gift from Okawaru
 34947 | Vaults:4 | Reached XP level 21. HP: 191/196 MP: 34/34
 35309 | Vaults:5 | Entered Level 5 of the Vaults
 35486 | Vaults:5 | Received a gift from Okawaru
 35649 | Vaults:5 | Reached skill level 23 in Shields
 35682 | Vaults:5 | Noticed an ancient lich
 35704 | Vaults:5 | Killed an ancient lich
 35714 | Vaults:5 | Received a gift from Okawaru
 36204 | Vaults:5 | Received a gift from Okawaru
 36654 | Vaults:5 | Reached XP level 22. HP: 206/206 MP: 36/36
 36659 | Vaults:5 | Received a gift from Okawaru
 37205 | Vaults:5 | Noticed an ancient lich
 37218 | Vaults:5 | Killed an ancient lich
 37582 | Vaults:5 | Identified the Almanac of Ensnaring Companions
 37622 | Vaults:5 | Noticed an ancient lich
 37635 | Vaults:5 | Cast into level 5 of the Abyss (an ancient lich)
 37635 | Abyss:5  | Entered Level 5 of the Abyss
 37635 | Abyss:5  | Entered Level 5 of the Abyss
 37635 | Abyss:5  | Found a corrupted altar of Lugonu.
 37654 | Abyss:5  | Gained mutation: You are frail. (-10% HP) [a neqoxec]
 37655 | Abyss:5  | Found a corrupted altar of Lugonu.
 37664 | Abyss:5  | Lost mutation: You have supernaturally acute eyesight.
                  | (SInv) [a neqoxec]
 37779 | Vaults:5 | Escaped the Abyss
 37798 | Vaults:5 | Killed an ancient lich
 37798 | Vaults:5 | Received a gift from Okawaru
 38059 | Vaults:5 | Noticed a golden dragon
 38073 | Vaults:5 | Killed a golden dragon
 38120 | Vaults:5 | Received a gift from Okawaru
 38302 | Vaults:5 | Reached skill level 24 in Shields
 38484 | Vaults:5 | Noticed Xtahua
 38498 | Vaults:5 | Killed Xtahua
 38631 | Vaults:5 | Noticed a golden dragon
 38643 | Vaults:5 | Killed a golden dragon
 38804 | Vaults:5 | Gained mutation: You have a somewhat thin skeletal
                  | structure. (Dex +2, Stealth) [evolution]
 38896 | Vaults:5 | Found Hyshon's General Store.
 39022 | Vaults:5 | Found the +0 sword of Power
 39091 | Vaults:5 | Got a silver rune of Zot
 39468 | Snake:1  | Entered Level 1 of the Snake Pit
 39476 | Snake:1  | Received a gift from Okawaru
 39491 | Snake:1  | Got a shimmering chain mail {god gift}
 39502 | Snake:1  | Identified the +1 chain mail of Entitlement {+Inv Regen+
                  | Str-5} (Okawaru gifted it to you on level 1 of the Snake
                  | Pit)
 39526 | Snake:1  | Found a transporter.
 39526 | Snake:1  | Noticed Josephine
 39532 | Snake:1  | Killed Josephine
 39541 | Snake:1  | Found a shimmering blue altar of Sif Muna.
 39955 | Snake:1  | Reached XP level 23. HP: 194/194 MP: 37/37
 40556 | Snake:1  | Found a transporter.
 42008 | Snake:4  | Entered Level 4 of the Snake Pit
 42251 | Snake:4  | Received a gift from Okawaru
 42257 | Snake:4  | Got a heavily runed cloak {god gift}
 42258 | Snake:4  | Identified the +0 cloak of Laosked {rPois} (Okawaru gifted
                  | it to you on level 4 of the Snake Pit)
 42317 | Snake:4  | Reached skill level 15 in Dodging
 42639 | Snake:4  | Got a serpentine rune of Zot
 43030 | Snake:4  | Noticed Asterion
 43046 | Snake:4  | Killed Asterion
 43180 | Snake:4  | Got a polished chain mail
 43181 | Snake:4  | Identified the +9 chain mail of Omission {rCorr} (You found
                  | it on level 4 of the Snake Pit)
 43526 | Depths:1 | Entered Level 1 of the Depths
 43597 | Depths:1 | Received a gift from Okawaru
 43646 | Depths:1 | Reached XP level 24. HP: 175/203 MP: 38/38
 44137 | Depths:1 | Found Siez's Jewellery Emporium.
 44139 | Depths:1 | Found Hukielut's Gadget Shop.
 44140 | Depths:1 | Found Tec Dent's Jewellery Emporium.
 44406 | Depths:1 | Found a one-way gate leading to the halls of Pandemonium.
 44416 | Depths:1 | Gained mutation: You are very clumsy. (Dex -4) [a
                  | cacodemon]
 44639 | Depths:1 | Found a gateway to Hell.
 44798 | Depths:2 | Received a gift from Okawaru
 44941 | Depths:2 | Got a crude golden ring
 44942 | Depths:2 | Identified the ring of Qaras {Int+4 Dex+4 Stlth+} (You
                  | acquired it on level 2 of the Depths)
 44984 | Depths:2 | Noticed an ancient lich
 45019 | Depths:2 | Killed an ancient lich
 45019 | Depths:2 | Received a gift from Okawaru
 45019 | Depths:2 | Reached skill level 25 in Shields
 45043 | Depths:2 | Identified Xohoth's Incunabulum of Combat Magic
 45743 | Depths:2 | Found the brooch of Shielding {Reflect SH+8}
 45761 | Depths:2 | Got a transparent scimitar
 45762 | Depths:2 | Identified the +1 scimitar of Peril {venom, rPois Str+3
                  | Dex+6} (You found it on level 2 of the Depths)
 46224 | Depths:3 | Reached XP level 25. HP: 200/213 MP: 38/38
 46332 | Depths:3 | Received a gift from Okawaru
 47266 | Depths:3 | Lost mutation: You have an increased reservoir of magic.
                  | (+10% MP) [a neqoxec]
 47268 | Depths:3 | Gained mutation: Armour fits poorly on your strangely
                  | shaped body. [a neqoxec]
 47714 | Depths:4 | Found the +8 demon trident "Rift" {distort, reach+}
 48040 | Depths:4 | Found Ziewn's General Store.
 48248 | Depths:4 | Found a one-way gate to the infinite horrors of the Abyss.
 48517 | Depths:4 | Got a faintly humming shield
 48518 | Depths:4 | Identified the +1 shield of the Sky {MR- Int+9 Dex+9
                  | Slay-5} (You found it on level 4 of the Depths)
 48761 | Depths:4 | Received a gift from Okawaru
 48847 | Depths:4 | Found the +9 heavy crossbow "Sniper" {velocity, Acc+∞ SInv}
 48987 | Depths:5 | Entered Level 5 of the Depths
 49004 | Depths:5 | Found a gateway to a ziggurat.
 49228 | Depths:5 | Noticed Sojobo
 49243 | Depths:5 | Reached XP level 26. HP: 156/223 MP: 35/35
 49245 | Depths:5 | Noticed Margery
 49271 | Depths:5 | Killed Sojobo
 49297 | Depths:5 | Killed Margery
 49297 | Depths:5 | Received a gift from Okawaru
 49579 | Depths:5 | Found a gate to the Realm of Zot.
 49720 | Depths:5 | Reached skill level 26 in Shields
 50310 | Zot:1    | Entered Level 1 of the Realm of Zot
 50586 | Zot:1    | Received a gift from Okawaru
 51886 | Zot:2    | Received a gift from Okawaru
 52444 | Zot:2    | Received a gift from Okawaru
 52444 | Zot:2    | Reached XP level 27. HP: 132/232 MP: 35/35
 52758 | Zot:2    | Got an ivory hand axe {god gift}
 52759 | Zot:2    | Identified the +1 hand axe "Fenwaton" {chop, *Slow rF+ MR+
                  | Str+3} (Okawaru gifted it to you on level 2 of the Realm of
                  | Zot)
 52953 | Zot:2    | Lost mutation: You evolve. [end of evolution]
 53654 | Zot:3    | Upgraded the game from 0.24-a0-580-g6a6c3f83c1 to
                  | 0.24-a0-581-gc0fa6600bf
 54005 | Zot:4    | Received a gift from Okawaru
 54052 | Zot:4    | Got a bloodstained broad axe {god gift}
 54053 | Zot:4    | Identified the +1 broad axe "Bizilym" {chop, rC+ Dex+2}
                  | (Okawaru gifted it to you on level 4 of the Realm of Zot)
 54139 | Zot:4    | Got a steaming scimitar
 54140 | Zot:4    | Identified the +5 scimitar of Strategic Superiority
                  | {freeze, MR+ Int-3 Dex+9} (You found it on level 4 of the
                  | Realm of Zot)
 54752 | Zot:4    | Received a gift from Okawaru
 54753 | Zot:4    | Found the +14 obsidian axe {chop, +Fly SInv *Curse}
 55703 | Zot:5    | Entered Level 5 of the Realm of Zot
 55820 | Zot:5    | Reached skill level 27 in Shields
 55885 | Zot:5    | Received a gift from Okawaru
 55921 | Zot:5    | Noticed an ancient lich
 55939 | Zot:5    | HP: 11/234 [??? (9)]
 55939 | Zot:5    | Killed from afar by a deathcap

Levels and vault maps discovered:
D:1:      lemuel_arrival_cross, layout_basic, serial_curves, eino_curves_03,
          eino_curves_02
D:2:      layout_basic, minmay_snake_closets, uniq_natasha
D:3:      cheibrodos_helix_gallery, layout_loops_corners, lemuel_statue_altar,
          uniq_purgy
D:4:      layout_cave_pools, minmay_shop_mass
D:5:      layout_cave_pools, first_ration, serial_shops, shop,
          uniq_blork_the_orc, uniq_eustachio, uniq_duvessa
D:6:      layout_basic, kennysheep_little_box, grunt_dithmenos_smoke,
          nicolae_qazlal_general_emergency, serial_shops, shop,
          chequers_serial_rivers_small_a, uniq_prince_ribbit1
D:7:      layout_basic, elyvilon_altar_5, minmay_temple_entry_proselytizer,
          serial_shops, nicolae_shop_crystal, basic_altar, grunt_livestock
D:8:      layout_gridville, lemuel_doored_altar
D:9:      layout_small_grid, xom_redecorated, dpeg_oklobed_lair,
          hellmonk_ghost_happy_afterlife
D:10:     wander_river, layout_loops_ring
D:11:     layout_long_grid, erik_orc_3, uniq_sonja, uniq_harold, uniq_erica
D:12:     layout_basic, basic_altar, minmay_misc_feat_four_crosses
D:13:     layout_roguey [special_room_orc], lightli_vaults_fourway_checkpoint,
          enter_bailey_1, serial_shops, kennysheep_mini, shop_statue, shop,
          gammafunk_ghost_spectres
D:14:     layout_layer_cave, ebering_ghost_reflecting_pool,
          kennysheep_big_empty_room
D:15:     gammafunk_enter_depths_forms, layout_gridville, tso_metal_star
Temple:   nicolae_temple_x_marks_the_god
Lair:1:   layout_long_grid
Lair:2:   layout_loops_ring, minmay_snake_entry_guardpost_small,
          cheibrodos_lair_caveside_slide
Lair:3:   layout_cave_pods, lightli_volcano_entry_magma_tube,
          lemuel_fruit_fields, infiniplex_staircase_pool,
          minmay_lair_oklob_chamber
Lair:4:   layout_big_grid, shoals_dummy_entry, ebering_ghost_reflecting_pool
Lair:5:   layout_gridlike, ebering_ghost_rock_garden, serial_bayou_shore_a,
          serial_bayou_shore_b
Lair:6:   cheibrodos_lair_end_hotspot, layout_regular_city,
          minmay_slime_entry_oklob_open
Shoals:1: layout_shoals, uniq_aizul
Shoals:2: layout_shoals, ebering_ghost_davey_jones
Shoals:3: layout_shoals, serial_shops, nicolae_shop_crystal,
          nicolae_shoals_circle_sea_wall, uniq_donald
Shoals:4: shoals_end_simple, layout_shoals, serial_shops, shop,
          nicolae_shoals_drake_roost
Snake:1:  gammafunk_sealed_library, layout_basic,
          hangedman_snake_corridor_split, uniq_josephine
Snake:2:  layout_cave_pods
Snake:3:  layout_misc_corridors
Snake:4:  grunt_snake_rune_spirals, layout_onion, uniq_asterion
Orc:1:    layout_caves, serial_shops, shop, shop, shop_statue, uniq_urug
Orc:2:    st_orc_rangers, layout_caves, basic_altar, serial_shops, shop,
          mines3_lemuel, uniq_snorg
Elf:1:    layout_geoelf_octagon, basic_altar, serial_shops,
          nicolae_shop_statue_plus, kennysheep_underground_church,
          corexii_hall_statues_l
Elf:2:    layout_gridlike, serial_shops, nicolae_shop_behind_doors,
          small_statue_intersection, uniq_agnes
Elf:3:    minmay_elf_hall_curves, layout_gridlike, serial_shops, shop_statue,
          shop_fountains, nicolae_shop_window_shopping,
          roderic_lattice_octagonal_star
Vaults:1: nicolae_vaults_arrows, v_misc_5, nicolae_vaults_what_the_h,
          nicolae_vaults_display_case, ontoclasm_vaults_loading_screen,
          vaults_mumra_minichess_inversion, hangedman_vaults_nails, v_pattern_4,
          grunt_vaults_hallway_long, ontoclasm_vaults_pinch,
          grunt_vaults_hallway_short, v_alt_pattern_4,
          ontoclasm_vaults_misaligned, layout_vaults_omnibox, serial_shops,
          nicolae_shop_stone
Vaults:2: grunt_vaults_hallway_short, nicolae_vaults_branching_niches,
          nicolae_vaults_asterisk, nicolae_vaults_specimen_jars, v_misc_3,
          nicolae_vaults_little_ls, ontoclasm_vaults_fault, v_misc_1,
          layout_vaults_omnigrid
Vaults:3: vaults_standard_mumra_x, v_rooms_2, v_misc_16,
          nicolae_vaults_little_squares_4, v_misc_29, vaults_mumra_minichess,
          v_rooms_3, minmay_crypt_entry_nasty_monster,
          nicolae_vaults_little_squares_3, nicolae_vaults_border_crossing,
          vaults_room_mumra_shop_pool, layout_vaults_big_cross, uniq_jory
Vaults:4: nicolae_vaults_little_squares_6, ontoclasm_vaults_shuriken,
          st_diamondy, nicolae_vaults_diagonal_hallway_8, grunt_vaults_bifocal,
          nicolae_vaults_hallways_thing, ontoclasm_vaults_spin, v_misc_25,
          dpeg_vaults_monster_row, nicolae_vaults_little_squares_3, v_misc_11,
          ontoclasm_vaults_ring_small, v_misc_10, layout_vaults_ring
Vaults:5: uniq_xtahua
Depths:1: layout_cross, lightli_too_deep, grunt_pan_entry_spiral,
          grunt_ministairs_5, minmay_microvault, grunt_megastairs_1,
          minmay_shop_grove
Depths:2: hangedman_pleasuredromes, hell_entry
Depths:3: dpeg_oklob_gauntlet, layout_cave_pools, rand_demon_pan_entry_1,
          hangedman_coc_ice_floe, hangedman_decor_clover_reticule,
          kennysheep_generic_room_7, grunt_megastairs_3
Depths:4: lemuel_castle_with_subvaults [lemuel_castle_interior_carwin_1],
          layout_cave_pools, abyss_entry_crystal, hell_entry, serial_shops, shop
Depths:5: evilmike_zot_entry_diamond, layout_small_grid, enter_ziggurat_b,
          kennysheep_doodads, hellmouth_1, grunt_megastairs_2, uniq_margery,
          uniq_sojobo
Zot:1:    layout_twisted_circle
Zot:2:    cheibrodos_zot_enchanting_chambers, layout_basic
Zot:3:    layout_misc_corridors
Zot:4:    kennysheep_blocky_room, layout_twisted_circle, st_stairs_10
Zot:5:    layout_misc_corridors, grunt_ministairs_3

Skill      XL: |  1  2  3  4  5  6  7  8  9 10 11 12 13 14 15 16 17 18 19 20 21 22 23 24 25 26 27 |
---------------+----------------------------------------------------------------------------------+-----
Fighting       | 4 5 6 7 9 10 11 12 13 14 15 16 17 18 19 20 21 22 23 | 23.9
Armour         | 4 5 6 7 9 10 11 12 13 14 15 16 17 18 19 20 21 22 23 24 | 24.0
Axes           | 3 4 5 6 7 8 10 11 12 13 14 15 16 17 18 19 20 21 22 23 | 23.9
Shields        | 4 5 6 7 9 10 11 12 13 14 16 17 18 20 21 22 23 24 25 26 27 | 27.0
Invocations    | 3 5 7 8 9 10 11 12 13 14 15 16 17 18 19 20 | 20.1
Stealth        | 4 7 9 11 12 | 12.5
Dodging        | 2 5 7 9 11 12 13 14 15 16 17 18 19 | 19.3

Action                   |  1- 3 |  4- 6 |  7- 9 | 10-12 | 13-15 | 16-18 | 19-21 | 22-24 | 25-27 || total
-------------------------+-------+-------+-------+-------+-------+-------+-------+-------+-------++-------
Melee: War axe           |    97 |   149 |   286 |       |       |       |       |       |       ||   532
       Headbutt          |    14 |    29 |    73 |    99 |   303 |   383 |   617 |   769 |   779 ||  3066
       Unarmed           |       |    19 |       |       |       |       |       |       |       ||    19
       Broad axe         |       |       |    31 |   382 |  1085 |  1199 |  1619 |  1962 |  1875 ||  8153
Invok: Heroism           |       |       |       |     3 |     3 |       |     2 |       |       ||     8
       Finesse           |       |       |       |       |     1 |       |       |       |       ||     1
Evoke: Wand              |       |       |       |       |     1 |       |       |       |       ||     1
  Use: Scroll            |     1 |     8 |    15 |     8 |    15 |    11 |     2 |     7 |     7 ||    74
       Potion            |       |     1 |       |       |       |       |       |       |     2 ||     3
 Stab: Sleeping          |       |       |       |       |    20 |       |       |       |       ||    20
       Distracted        |       |       |       |       |       |       |       |       |    10 ||    10
  Eat: Chunk             |       |     5 |    11 |    16 |    29 |    30 |    23 |    23 |    23 ||   160
       Ration            |       |       |       |       |     2 |       |       |     2 |     3 ||     7
Armor: Scale mail        |    49 |    81 |    99 |   142 |   230 |       |       |       |       ||   601
       Crystal plate arm |       |       |       |       |    72 |   268 |   218 |   286 |   257 ||  1101
Dodge: Dodged            |    25 |    82 |    76 |    85 |   276 |   250 |   308 |   554 |   515 ||  2171
       Deflected         |       |       |     5 |     6 |    26 |    45 |    22 |    56 |    34 ||   194
Block: Shield            |    51 |    88 |   188 |   317 |   942 |   866 |   919 |  1322 |  1488 ||  6181
       Reflection        |       |       |     1 |    18 |   114 |   126 |   110 |   151 |    57 ||   577

Table legend:
 A = Non-vault XP
 B = Vault XP
 C = Vault XP percentage of total XP
 D = Non-vault monster count
 E = Vault monster count
 F = Vault count percentage of total count
                 A         B        C        D         E       F
            +---------+---------+-------+---------+---------+-------
      Total |  836318 |  847248 |  50.3 |    1519 |     996 |  39.6
            +---------+---------+-------+---------+---------+-------
        D:1 |      57 |       0 |   0.0 |      30 |       0 |   0.0
        D:2 |     177 |      96 |  35.2 |      33 |      12 |  26.7
        D:3 |     205 |     144 |  41.3 |      31 |       3 |   8.8
        D:4 |     134 |       0 |   0.0 |      10 |       0 |   0.0
        D:5 |     481 |     508 |  51.4 |      14 |       4 |  22.2
        D:6 |     816 |     268 |  24.7 |      23 |       1 |   4.2
        D:7 |    1077 |    1061 |  49.6 |      33 |       6 |  15.4
        D:8 |    1352 |       0 |   0.0 |      24 |       0 |   0.0
        D:9 |    2018 |       0 |   0.0 |      31 |       0 |   0.0
       D:10 |    1330 |       0 |   0.0 |      11 |       0 |   0.0
       D:11 |    5023 |    3071 |  37.9 |      37 |      17 |  31.5
       D:12 |    3340 |       0 |   0.0 |      23 |       0 |   0.0
       D:13 |    6357 |    8656 |  57.7 |      19 |      45 |  70.3
       D:14 |   11544 |    1210 |   9.5 |      46 |       1 |   2.1
       D:15 |    2726 |    5100 |  65.2 |       6 |      13 |  68.4
     Temple |      39 |       0 |   0.0 |       1 |       0 |   0.0
     Lair:1 |    4167 |       0 |   0.0 |      22 |       0 |   0.0
     Lair:2 |    5508 |     482 |   8.0 |      24 |       3 |  11.1
     Lair:3 |    2852 |     109 |   3.7 |      16 |       1 |   5.9
     Lair:4 |    3833 |    1363 |  26.2 |      14 |       1 |   6.7
     Lair:5 |    7509 |    1588 |  17.5 |      26 |       1 |   3.7
     Lair:6 |    8223 |   10217 |  55.4 |      25 |      32 |  56.1
   Shoals:1 |    9509 |    1574 |  14.2 |      17 |       1 |   5.6
   Shoals:2 |   22686 |    3972 |  14.9 |      41 |       2 |   4.7
   Shoals:3 |    8072 |    1904 |  19.1 |      15 |       1 |   6.2
   Shoals:4 |    9457 |   21369 |  69.3 |      16 |      40 |  71.4
    Snake:1 |   10370 |   22051 |  68.0 |      21 |      33 |  61.1
    Snake:2 |    6487 |       0 |   0.0 |      13 |       0 |   0.0
    Snake:3 |   23378 |       0 |   0.0 |      42 |       0 |   0.0
    Snake:4 |   17619 |   66899 |  79.2 |      30 |      94 |  75.8
      Orc:1 |    2772 |     855 |  23.6 |      27 |       1 |   3.6
      Orc:2 |    3453 |    7402 |  68.2 |      26 |      36 |  58.1
      Elf:1 |   26168 |    3372 |  11.4 |      44 |       5 |  10.2
      Elf:2 |   27194 |   26829 |  49.7 |      41 |      33 |  44.6
      Elf:3 |   19628 |   44890 |  69.6 |      33 |      30 |  47.6
   Vaults:1 |   24502 |   40192 |  62.1 |      47 |      63 |  57.3
   Vaults:2 |   25110 |   16258 |  39.3 |      42 |      28 |  40.0
   Vaults:3 |   34067 |   35089 |  50.7 |      68 |      39 |  36.4
   Vaults:4 |   33156 |   44620 |  57.4 |      58 |      51 |  46.8
   Vaults:5 |   66631 |  144306 |  68.4 |      85 |      80 |  48.5
   Depths:1 |   37751 |   18933 |  33.4 |      45 |      34 |  43.0
   Depths:2 |    4986 |   99779 |  95.2 |      12 |      91 |  88.3
   Depths:3 |   65725 |   11587 |  15.0 |      69 |      13 |  15.9
   Depths:4 |   28488 |   42686 |  60.0 |      32 |      50 |  61.0
   Depths:5 |   36142 |   43807 |  54.8 |      40 |      32 |  44.4
      Zot:1 |   38963 |       0 |   0.0 |      26 |       0 |   0.0
      Zot:2 |   53494 |   55015 |  50.7 |      30 |      32 |  51.6
      Zot:3 |   46678 |       0 |   0.0 |      29 |       0 |   0.0
      Zot:4 |   64156 |   18611 |  22.5 |      36 |      10 |  21.7
      Zot:5 |   12673 |   30785 |  70.8 |       9 |      16 |  64.0
    Abyss:3 |    4672 |    1303 |  21.8 |      14 |       2 |  12.5
    Abyss:5 |    3563 |       0 |   0.0 |      12 |       0 |   0.0
     Bailey |       0 |    1998 | 100.0 |       0 |      24 | 100.0
    Volcano |       0 |    7289 | 100.0 |       0 |      15 | 100.0
            +---------+---------+-------+---------+---------+-------
